 Dungeon Crawl Stone Soup version 0.27-a0-1324-ge0d8e047f6 (webtiles) character file.

Game seed: 7062739103904677658

187 Alarak the Skirmisher (level 5, 0/63 HPs)
             Began as an Ogre Fighter on June 23, 2021.
             Slain by a centaur (1 damage)
             ... on level 4 of the Dungeon.
             The game lasted 00:05:55 (3376 turns).

Alarak the Skirmisher (Ogre Fighter)                Turns: 3376, Time: 00:05:56

Health: 0/63       AC:  3    Str: 21    XL:     5   Next: 66%
Magic:  5/5        EV:  8    Int: 15    God:
Gold:   92         SH:  8    Dex:  8    Spells: 4/4 levels left

rFire    . . .     SeeInvis .   a - +0 war axe
rCold    . . .     Faith    .   c - +0 kite shield
rNeg     . . .     Spirit   .   b - +0 robe
rPois    .         Reflect  .   (helmet restricted)
rElec    .         Harm     .   (no cloak)
rCorr    .         Rampage  .   (gloves unavailable)
Will     .....                  (boots unavailable)
Stlth    +.........             (no amulet)
HPRegen  0.20/turn              p - +6 ring of intelligence
MPRegen  0.09/turn              (no ring)

@: mighty, attractive, hasted, very quick
A: large, unfitting armour, tough skin 1
a: no special abilities


You were on level 4 of the Dungeon.
You visited 1 branch of the dungeon, and saw 4 of its levels.

You collected 92 gold pieces.

Inventory:

Hand Weapons
 a - a +0 war axe (weapon)
Armour
 b - a +0 robe (worn)
 c - a +0 kite shield (worn)
Jewellery
 p - a +6 ring of intelligence (left hand)
Scrolls
 f - a scroll of magic mapping
 h - a scroll of silence
 i - a scroll of fog
Potions
 e - a potion of mutation
 o - a potion of attraction


   Skills:
 + Level 7.8 Fighting
 - Level 2.0 Axes
 - Level 3.0 Dodging
 - Level 2.8 Shields


You had 4 spell levels left.
You didn't know any spells.
Your spell library contained the following spells:

 Spells                   Type           Power      Damage    Failure   Level
 Beastly Appendage        Tmut           0%         N/A       71%         1
 Corona                   Hex            0%         N/A       71%         1
 Ensorcelled Hibernation  Hex/Ice        0%         N/A       83%         2
 Wereblood                Tmut           0%         N/A       83%         2
 Confusing Touch          Hex            0%         N/A       97%         3
 Dazzling Flash           Conj/Hex       0%         N/A       97%         3
 Spider Form              Tmut/Pois      0%         N/A       97%         3
 Tukima's Dance           Hex            0%         N/A       97%         3
 Ice Form                 Ice/Tmut       0%         N/A       100%        4


Dungeon Overview and Level Annotations

Branches:
Dungeon (4/15)
 Temple: D:4-7

Altars:

Shops:
D:3 (


Innate Abilities, Weirdness & Mutations

You are too large for most types of armour.
You have tough skin. (AC +1)


Message History

You block the orc's attack.
The endoplasm hits you but does no damage.
The orc hits you but does no damage.
It was a potion of haste.
You feel yourself speed up.
The endoplasm hits you but does no damage.
The orc hits you with a +0 club.
* * * LOW HITPOINT WARNING * * *
It was a potion of attraction.
You feel attractive to monsters. The endoplasm freezes you.
You are frozen.
* * * LOW HITPOINT WARNING * * *
The endoplasm quivers.
You slash the endoplasm!
You kill the endoplasm!
You hit the orc.
The centaur shoots an arrow.
The arrow hits you.
* * * LOW HITPOINT WARNING * * *
The orc hits you but does no damage. The orc is pulled toward you!
You hit the orc.
The orc is heavily wounded.
You hit the orc.
You kill the orc!
The orc barely misses you.
You hit the orc.
The orc is severely wounded.
The orc barely misses you.
You slash the orc!
You kill the orc!
The centaur shoots an arrow.
The arrow hits you!
* * * LOW HITPOINT WARNING * * *
The endoplasm is pulled toward you!
You feel mightier all of a sudden.
The centaur unwields a +0 shortbow.
The centaur hits you.
* * * LOW HITPOINT WARNING * * *
The centaur kicks you.
* * * LOW HITPOINT WARNING * * *
You slash the centaur!
The centaur is heavily wounded.
The centaur hits you.
You die...

,,,***<*,,,,,,,,......###..##..##
,,,,,,,+>...,,,,......#....'.....
,,,,,,,,..).,,,,......#....#.....
**,**,*,,....,,,......#'##.###.##
**+**+,,**#..#******#....#####.##
,,,,,,,*,,,#..#* #....#.......
,,,,,,,*,,**#..## #....#.......
,,,,,,,*,*,*,#.)## #....#.......
,,,,,,,,***,**#c@# #<...#.......
***+**,*,*,*,#J#.####....##.###..
**,,*,,*,,**#..#.....######'###..
*,,,*,,*,*,#.#.#.[...#,,,#....#..
*,,,*,,,**#:###...)..#,,,#....#..
*,,,*,,,,#.#,#.#.....+,,,#....'..
*,,,*,,,..#*#..#.....#,,,#....#..
*****,,,..,#..,#.....#***########
****,,..##*..#####


You could see a centaur and an endoplasm.

Vanquished Creatures
  A scorpion (D:4)
  A hound (D:4)
  A hound skeleton (D:4)
  2 adders
  4 dart slugs
  2 orcs (D:4)
  7 endoplasms
  A giant cockroach (D:3)
  7 hobgoblins
  2 jackals (D:1)
  3 quokkas
  4 ball pythons
  5 bats
  A frilled lizard (D:3)
  3 goblins (D:2)
  7 kobolds
  3 rats
54 creatures vanquished.

Notes
Turn   | Place    | Note
-------+----------+-------------------------------------------
     0 | D:1      | Alarak the Ogre Fighter began the quest for the Orb.
     0 | D:1      | Reached XP level 1. HP: 24/24 MP: 1/1
   244 | D:1      | Reached XP level 2. HP: 29/32 MP: 2/2
   442 | D:1      | Found a faded altar of an unknown god.
   985 | D:2      | Reached skill level 5 in Fighting
   985 | D:2      | Reached XP level 3. HP: 28/42 MP: 3/3
  1997 | D:3      | Reached skill level 6 in Fighting
  1997 | D:3      | Reached XP level 4. HP: 33/52 MP: 4/4
  2263 | D:3      | Found Leleclic's Weapon Boutique.
  3354 | D:4      | Noticed a centaur
  3354 | D:4      | Noticed a scorpion
  3364 | D:4      | Reached skill level 7 in Fighting
  3364 | D:4      | Reached XP level 5. HP: 20/62 MP: 5/5
  3374 | D:4      | HP: 3/63 [centaur/arrow (9)]
  3375 | D:4      | HP: 1/63 [centaur (2)]
  3376 | D:4      | Slain by a centaur

Illustrated notes

Levels and vault maps discovered:
D:1:      minmay_arrival_glassed_features, layout_basic, basic_ecumenical_altar
D:2:      layout_loops_ring, kennysheep_generic_room_2
D:3:      layout_basic, serial_shops, shop_fountains, minmay_bisected
D:4:      layout_gridville, overflow_temple_1_default, minmay_manual_mail

Skill      XL: |  1  2  3  4 |
---------------+-------------+-----
Dodging        | 3 |  3.0
Fighting       | 5 6 7 |  7.8
Axes           | |  2.0
Shields        | |  2.8

Action                   |  1- 3 |  4- 6 || total
-------------------------+-------+-------++-------
Melee: War axe           |    88 |    68 ||   156
  Use: Scroll            |       |     8 ||     8
       Potion            |       |     5 ||     5
Armor: Robe              |    33 |    25 ||    58
Dodge: Dodged            |    33 |    33 ||    66
Block: Kite shield       |    50 |    43 ||    93

Table legend: (Time is in decaauts)
 A = Elapsed time spent in this place.
 B = Non-inter-level travel time spent in this place.
 C = Inter-level travel time spent in this place.
 D = Time resting spent in this place.
 E = Time spent auto-exploring this place.
 F = Levels seen in this place.
 G = Mean time per level.
                   A        B        C        D        E       F      G
               +--------+--------+--------+--------+--------+-----+--------+
         Total |   3466 |   3337 |    129 |    563 |   2358 |   4 |  866.5 |
       Dungeon |   3466 |   3337 |    129 |    563 |   2358 |   4 |  866.5 |
               +--------+--------+--------+--------+--------+-----+--------+

Top non-repeatable levels by time:
     D:1: 977 daAuts
     D:2: 870 daAuts
     D:3: 859 daAuts
     D:4: 758 daAuts
